Map: 2000 Atmospheres LE

Players

Railgan - Winner!

  • Race: Zerg Zerg
  • League: Grandmaster

MooLen

  • Race: Protoss Protoss
  • League: Master

VOD

Have the link to the VOD?

Description

Time

  • Played on: Oct. 17, 2021, 9:39 a.m.
  • Length: 9:43
Show
View Real Time Build Order
Export as new Build Order

Railgan Zerg - Winner!

Build Orders: Pool First 

Get SALT Encoding   

  12  0:00  Drone  
  13  0:14  Extractor  
  12  0:23  Spawning Pool  
  12  0:28  Drone  
  12  0:32  Drone  
  13  0:38  Drone  
  14  0:48  Overlord  
  14  1:10  Zergling x4  
  14  1:11  Zergling x2  
  17  1:17  Metabolic Boost  
  17  1:29  Zergling x2  
  18  1:34  Drone  
  19  1:51  Hatchery  
  18  1:55  Drone  
  19  2:07  Drone  
  20  2:12  Lair  
  20  2:15  Drone  
  21  2:22  Overlord  
  21  2:36  Drone  
  22  2:41  Zergling x2  
  23  2:49  Zergling x2  
  24  2:58  Zergling x2  
  25  3:05  Queen  
  27  3:16  Drone  
  27  3:18  Drone  
  27  3:19  Queen  
  31  3:21  Nydus Network  
  31  3:24  Overlord  
  30  3:32  Zergling x4  
  30  3:33  Zergling x2  
  32  3:40  Zergling x2  
  30  4:02  Nydus Canal  
  30  4:06  Zergling x10  
  30  4:09  Zergling x2  
  36  4:20  Zergling x4  
  36  4:23  Queen  
  41  4:31  Zergling x4  
  35  4:40  Zergling x2  
  35  4:41  Zergling x8  
  35  4:45  Zergling x2  
  41  4:55  Zergling x2  
  41  4:56  Zergling x4  
  44  5:17  Spore Crawler, Queen  
  44  5:18  Spore Crawler  
  41  5:37  Overlord  
  41  5:39  Queen  
  41  5:42  Drone  
  41  5:43  Drone x2  
  43  5:50  Drone  
  42  5:57  Zergling x2, Queen  
  42  6:03  Drone x2  
  41  6:05  Zergling x2  
  41  6:10  Zergling x2  
  43  6:19  Zergling x4  
  43  6:20  Zergling x2  
  45  6:26  Zergling x2  
  44  6:33  Zergling x2  
  45  6:43  Zergling x2  
  45  6:44  Zergling x6, Queen  
  45  6:45  Queen  
  47  6:50  Zergling x4  
  47  6:53  Nydus Canal  
  43  7:07  Zergling x4  
  45  7:11  Zergling x2  
  45  7:12  Nydus Canal  
  45  7:13  Zergling x2  
  47  7:22  Zergling x6, Queen  
  51  7:30  Drone  
  52  7:42  Overlord  
  48  7:46  Zergling x2  
  48  7:50  Drone x2  
  48  7:56  Queen  
  48  7:57  Drone x3  
  48  7:58  Queen  
  51  8:04  Zergling x2  
  50  8:05  Zergling x2  
  51  8:14  Spore Crawler  
  51  8:15  Spore Crawler  
  49  8:23  Drone  
  50  8:29  Drone  
  50  8:30  Drone x2  
  51  8:36  Drone  
  51  8:37  Drone x3  
  53  8:43  Drone  
  53  8:44  Drone x3  
  57  8:52  Zergling x2  
  58  8:58  Zergling x2  
  59  9:08  Extractor  
  59  9:09  Overlord  
  57  9:29  Drone x4  
  67  9:43  Hatchery  
Show
View Real Time Build Order
Export as new Build Order

MooLen Protoss 

Build Orders: Oracle Opening 

Get SALT Encoding   

  12  0:00  Probe  
  13  0:12  Probe  
  14  0:19  Pylon  
  14  0:24  Probe (Chrono Boost)  
  15  0:39  Gateway, Probe (Chrono Boost)  
  16  0:45  Probe (Chrono Boost)  
  16  0:47  Assimilator  
  17  0:54  Probe  
  18  1:06  Probe  
  19  1:18  Probe  
  20  1:28  Zealot (Chrono Boost)  
  20  1:29  Cybernetics Core  
  22  1:34  Pylon  
  22  1:38  Probe  
  23  1:52  Zealot (Chrono Boost), Probe  
  26  2:07  Nexus  
  26  2:12  Probe  
  27  2:16  Adept (Chrono Boost), Assimilator  
  29  2:28  Probe  
  30  2:32  Pylon  
  30  2:40  Probe  
  30  2:44  Stargate  
  31  2:52  Probe  
  31  2:53  Shield Battery  
  31  2:57  Adept (Chrono Boost)  
  34  3:12  Pylon  
  34  3:14  Probe  
  35  3:22  Adept (Chrono Boost)  
  35  3:25  Probe  
  35  3:26  Oracle (Chrono Boost), Probe  
  42  3:38  Probe x2  
  44  3:53  Void Ray (Chrono Boost)  
  40  3:57  Probe x2  
  44  4:06  Assimilator  
  44  4:08  Assimilator  
  44  4:09  Probe x2  
  46  4:21  Probe  
  46  4:34  Nexus  
  46  4:38  Void Ray (Chrono Boost)  
  46  4:39  Shield Battery  
  46  4:40  Shield Battery  
  50  4:55  Pylon  
  50  4:58  Shield Battery  
  50  5:03  Pylon  
  50  5:16  Void Ray  
  49  5:43  Probe  
  49  5:46  Assimilator  
  49  5:48  Probe  
  51  5:51  Assimilator  
  51  5:53  Void Ray  
  51  5:55  Probe  
  49  6:07  Probe (Chrono Boost)  
  51  6:12  Shield Battery, Probe (Chrono Boost)  
  52  6:18  Probe (Chrono Boost)  
  52  6:22  Probe (Chrono Boost)  
  52  6:23  Probe (Chrono Boost)  
  51  6:31  Void Ray (Chrono Boost)  
  51  6:32  Probe  
  46  6:33  Probe  
  46  6:44  Probe  
  46  6:45  Probe  
  38  6:56  Probe  
  38  6:57  Probe  
  39  7:13  Probe  
  40  7:16  Probe  
  37  7:25  Probe  
  37  7:28  Probe  
  39  7:43  Probe  
  36  7:56  Probe  
  35  8:08  Probe, Stargate  
  36  8:12  Shield Battery  
  36  8:20  Probe  
  37  8:32  Probe  
  33  8:45  Void Ray  
  33  8:52  Probe  
  38  8:57  Shield Battery  
  38  9:04  Pylon  
  30  9:25  Probe  
Tags
 
Add a new tag
Caveats
  • Supply blocks, unpowered buildings, or Contaminate may cause inaccurate times.
  • Supply counts are checked every 10 seconds.